Map: Nightscape LE

Players

qqq - Winner!

  • Race: Zerg Zerg

Massa - Winner!

  • Race: Terran Terran
  • League: Platinum

LSTteve

  • Race: Protoss Protoss

Xeno

  • Race: Zerg Zerg
  • League: Diamond

VOD

Have the link to the VOD?

Description

Time

  • Played on: April 28, 2021, 3:53 p.m.
  • Length: 13:11
Show
View Real Time Build Order
Export as new Build Order

qqq Zerg - Winner!

Build Orders: Hatch First 

Get SALT Encoding   

  12  0:00  Drone  
  13  0:08  Drone  
  14  0:25  Overlord  
  14  0:46  Hatchery  
  14  0:49  Drone  
  14  0:50  Drone  
  14  0:55  Drone  
  16  1:07  Extractor  
  15  1:18  Spawning Pool  
  15  1:19  Drone  
  15  1:23  Drone  
  16  1:29  Drone  
  17  1:35  Drone  
  18  1:46  Drone  
  19  1:54  Drone  
  19  1:58  Drone  
  21  2:10  Queen x2  
  21  2:12  Overlord  
  21  2:15  Drone  
  26  2:17  Drone  
  27  2:23  Drone  
  27  2:28  Overlord  
  28  2:33  Metabolic Boost  
  28  2:36  Drone  
  29  2:39  Zergling x2  
  30  2:44  Overlord  
  30  2:49  Zergling x2  
  31  2:52  Zergling x2  
  32  2:58  Zergling x2  
  32  3:02  Zergling x2  
  34  3:09  Zergling x2  
  35  3:14  Lair  
  35  3:15  Zergling x2  
  35  3:19  Zergling x2  
  37  3:24  Zergling x2  
  38  3:31  Zergling x10  
  38  3:32  Overlord  
  42  3:38  Zergling x2  
  42  3:40  Zergling x2  
  44  3:48  Zergling x2  
  45  3:51  Zergling x2  
  45  4:04  Zergling x4  
  47  4:14  Drone  
  47  4:15  Drone  
  49  4:18  Extractor  
  48  4:24  Drone x2  
  48  4:29  Hatchery  
  49  4:37  Hatchery  
  45  4:49  Zergling x14  
  49  4:56  Drone x3  
  49  4:57  Zergling x6  
  52  5:06  Zergling x4  
  50  5:18  Drone x2  
  46  5:27  Spire  
  34  5:55  Drone x3, Zergling x6  
  40  6:04  Zergling x4  
  40  6:05  Drone x2, Zergling x2  
  45  6:11  Queen  
  45  6:13  Queen  
  45  6:14  Drone x2  
  45  6:17  Drone  
  52  6:20  Zergling x2  
  52  6:22  Drone  
  52  6:24  Drone  
  51  6:49  Zergling x4  
  51  6:50  Mutalisk, Zergling x4  
  51  6:51  Mutalisk x4  
  61  6:59  Drone x3  
  63  7:02  Extractor  
  63  7:03  Extractor  
  61  7:09  Drone x2  
  61  7:11  Overlord x2  
  61  7:15  Spore Crawler  
  62  7:25  Overlord  
  62  7:29  Corruptor x2  
  64  7:38  Drone x2  
  64  7:39  Drone x4  
  70  7:51  Corruptor  
  70  7:52  Drone x3  
  70  7:56  Extractor  
  74  8:02  Mutalisk  
  74  8:04  Corruptor  
  74  8:05  Drone  
  79  8:19  Zerg Flyer Weapons Level 1  
  79  8:27  Overlord x4  
  79  8:41  Extractor  
  79  8:42  Drone  
  79  8:43  Overlord x3  
  79  8:50  Corruptor  
  79  8:51  Infestation Pit  
  79  8:53  Mutalisk  
  82  8:56  Drone  
  82  8:57  Drone  
  84  9:07  Queen  
  84  9:09  Spore Crawler x2  
  84  9:13  Spine Crawler  
  83  9:20  Mutalisk x2  
  83  9:22  Corruptor  
  80  9:52  Mutalisk x4  
  85  9:54  Drone x6  
  91  10:04  Mutalisk x2  
  95  10:27  Drone  
  95  10:28  Drone x3  
  99  10:34  Hatchery  
  98  10:36  Mutalisk  
  98  10:51  Mutalisk  
  98  10:52  Mutalisk  
  98  10:53  Drone x4  
  102  11:05  Mutalisk x3  
  102  11:09  Corruptor  
  90  12:02  Mutalisk x5  
  100  12:10  Drone x4  
  100  12:13  Extractor  
  103  12:17  Drone x2  
  105  12:25  Drone x4  
  109  12:31  Mutalisk  
  109  12:32  Mutalisk x2  
  107  12:46  Mutalisk x2  
  111  12:55  Drone x2  
  111  12:56  Drone  
Show
View Real Time Build Order
Export as new Build Order

Massa Terran - Winner!

Build Orders: 2 Factory 

Get SALT Encoding   

  12  0:00  SCV  
  13  0:12  SCV  
  14  0:20  Supply Depot  
  14  0:24  SCV  
  15  0:42  SCV  
  16  0:43  Refinery  
  16  0:44  Barracks  
  16  0:54  SCV  
  17  1:09  SCV  
  18  1:22  SCV  
  19  1:34  SCV  
  20  1:46  Orbital Command  
  20  1:48  Command Center  
  20  1:55  Factory  
  20  2:28  SCV  
  21  2:30  Barracks Reactor  
  21  2:40  SCV  
  22  2:44  Supply Depot  
  22  2:46  Factory  
  22  2:53  Factory Tech Lab  
  22  3:01  Orbital Command  
  22  3:06  Command Center  
  22  3:07  Marine x2  
  24  3:18  SCV  
  24  3:19  Refinery  
  25  3:23  Refinery  
  25  3:26  Refinery  
  25  3:28  SCV  
  25  3:30  SCV  
  25  3:31  Factory Tech Lab  
  27  3:39  Cyclone  
  27  3:40  Marine x2  
  32  3:45  SCV  
  33  4:00  Cyclone  
  33  4:02  SCV x2  
  38  4:11  Cyclone  
  38  4:14  SCV, Marine x2  
  38  4:15  SCV  
  45  4:18  SCV  
  46  4:26  SCV, Engineering Bay  
  46  4:27  SCV  
  46  4:30  Starport  
  48  4:33  Marine  
  48  4:34  Marine  
  50  4:40  Cyclone  
  53  4:51  Cyclone  
  56  4:54  Mag-Field Accelerator  
  56  4:56  SCV  
  56  4:59  SCV  
  58  5:02  SCV  
  59  5:21  Supply Depot  
  59  5:23  Supply Depot  
  59  5:43  Cyclone  
  59  6:08  Marine x2  
  59  6:10  Cyclone  
  59  6:11  SCV  
  59  6:12  SCV  
  59  6:15  Cyclone  
  60  6:23  SCV  
  60  6:24  SCV  
  62  6:26  Armory, Marine x2, Terran Infantry Weapons Level 1  
  62  6:29  Starport Reactor, Engineering Bay  
  64  6:35  SCV  
  64  6:36  SCV  
  66  6:42  Cyclone  
  63  7:19  Missile Turret  
  63  7:31  Barracks x2  
  63  7:32  Barracks  
  63  7:33  Barracks, Supply Depot  
  63  7:34  Supply Depot  
  63  7:36  Supply Depot x2  
  62  7:37  Supply Depot  
  62  7:38  Supply Depot  
  62  7:39  Supply Depot  
  62  7:54  Medivac x2, Missile Turret  
  62  7:55  Missile Turret  
  62  7:56  Missile Turret  
  62  7:57  Thor  
  72  8:01  Marine x2  
  74  8:19  Marine x2  
  76  8:24  Medivac  
  78  8:27  Barracks Tech Lab  
  78  8:28  Barracks Reactor, Barracks Tech Lab  
  78  8:29  Barracks Reactor  
  78  8:37  Marine x2  
  78  8:39  Medivac  
  82  8:49  Command Center  
  82  8:54  Medivac  
  84  9:01  Missile Turret  
  84  9:04  Missile Turret  
  84  9:09  Marauder x2  
  88  9:10  Marine x2  
  90  9:22  Missile Turret  
  90  9:23  Sensor Tower  
  90  9:31  Terran Infantry Weapons Level 2, Marauder  
  92  9:32  Terran Infantry Armor Level 1  
  92  9:33  Marine x7  
  99  9:50  Marine  
  99  9:51  Marine x7  
  107  9:52  Stimpack  
  107  9:53  Combat Shield  
  107  10:12  Missile Turret  
  107  10:16  Missile Turret  
  107  10:23  Sensor Tower  
  107  10:30  Orbital Command  
  107  10:32  SCV x2  
  109  10:37  Marine  
  109  10:38  Marine x7  
  117  10:44  SCV x2  
  119  10:55  Marine  
  119  10:56  SCV, Marine x3  
  115  11:08  Orbital Command  
  110  11:17  Marine  
  110  11:18  Marine x7  
  117  11:35  Marine  
  117  11:36  Marine x6  
  124  11:40  Refinery  
  124  11:49  SCV  
  125  11:54  SCV x2  
  125  11:55  Widow Mine x2  
  131  12:01  SCV  
  131  12:07  SCV  
  133  12:28  Widow Mine  
  132  12:31  Widow Mine  
  126  12:50  Widow Mine  
Show
View Real Time Build Order
Export as new Build Order

LSTteve Protoss 

Build Orders: 1 Gate Expand 

Get SALT Encoding   

  12  0:00  Probe  
  13  0:12  Probe  
  14  0:18  Pylon  
  14  0:24  Probe  
  15  0:36  Probe  
  15  0:38  Gateway  
  16  0:47  Assimilator  
  16  0:49  Probe  
  17  1:03  Probe (Chrono Boost)  
  18  1:12  Probe (Chrono Boost)  
  18  1:17  Probe (Chrono Boost)  
  20  1:26  Cybernetics Core  
  20  1:33  Assimilator  
  20  1:43  Nexus  
  20  1:45  Probe  
  21  1:52  Pylon  
  21  1:58  Probe  
  22  2:06  Warp Gate  
  22  2:10  Stalker  
  24  2:21  Probe  
  25  2:33  Probe  
  25  2:36  Stargate  
  26  2:42  Adept  
  28  2:45  Probe  
  29  2:54  Probe  
  29  2:57  Probe  
  31  3:07  Probe (Chrono Boost)  
  31  3:10  Probe (Chrono Boost)  
  33  3:14  Void Ray (Chrono Boost)  
  33  3:19  Probe (Chrono Boost)  
  35  3:21  Probe (Chrono Boost)  
  35  3:25  Probe (Chrono Boost)  
  35  3:26  Probe (Chrono Boost)  
  41  3:37  Probe x2  
  43  3:44  Assimilator  
  43  3:46  Pylon  
  43  3:48  Assimilator  
  43  3:50  Pylon  
  43  3:51  Probe  
  43  3:52  Probe  
  45  4:04  Probe x2 (Chrono Boost), Phoenix (Chrono Boost)  
  49  4:16  Probe x2 (Chrono Boost)  
  51  4:19  Stargate  
  51  4:21  Probe x2 (Chrono Boost)  
  51  4:24  Phoenix (Chrono Boost)  
  54  4:41  Adept  
  54  4:52  Void Ray (Chrono Boost)  
  57  5:05  Void Ray (Chrono Boost)  
  62  5:30  Pylon  
  62  5:48  Pylon, Void Ray x2 (Chrono Boost)  
  62  5:49  Pylon  
  66  6:23  Probe x2  
  68  6:34  Nexus, Forge  
  68  6:35  Probe x2, Pylon  
  68  6:37  Forge  
  68  6:38  Assimilator  
  70  6:40  Pylon, Stargate  
  70  6:43  Pylon  
  70  6:44  Pylon, Assimilator  
  70  6:46  Pylon  
  70  6:48  Pylon  
  70  6:49  Probe x2  
  70  6:50  Void Ray x2  
  80  7:01  Probe x2  
  78  7:24  Stargate  
  78  7:25  Stargate  
  74  7:49  Void Ray, Fleet Beacon  
  74  7:50  Void Ray x2  
  74  7:52  Pylon x2  
  74  7:54  Pylon  
  74  7:56  Pylon  
  88  8:05  Probe x2 (Chrono Boost)  
  88  8:06  Probe (Chrono Boost)  
  89  8:16  Probe x3 (Chrono Boost)  
  92  8:20  Probe x3 (Chrono Boost)  
  92  8:22  Protoss Shields Level 1  
  95  8:31  Probe  
  95  8:32  Probe x2  
  95  8:34  Flux Vanes  
  98  8:35  Protoss Air Weapons Level 1 (Chrono Boost)  
  98  8:39  Tempest x2  
  98  8:40  Tempest x2  
  118  8:44  Probe x3  
  121  8:53  Photon Cannon  
  121  8:57  Photon Cannon  
  121  8:58  Nexus  
  121  8:59  Pylon, Shield Battery, Photon Cannon  
  121  9:14  Pylon  
  121  9:30  Tempest x4  
  141  9:33  Tempest  
  146  9:48  Probe x3  
  149  9:53  Assimilator  
  149  9:57  Assimilator  
  149  10:00  Probe x3  
  152  10:13  Phoenix x4  
  160  10:16  Phoenix  
  162  10:30  Probe x4  
  166  10:38  Phoenix x3  
  166  10:41  Twilight Council  
  166  10:42  Probe x4  
  175  10:46  Protoss Air Weapons Level 2 (Chrono Boost)  
  176  10:58  Void Ray x3  
  176  10:59  Void Ray  
  156  11:10  Phoenix  
  174  11:16  Photon Cannon x2  
  160  11:38  Phoenix  
  162  11:41  Phoenix x2  
  163  11:55  Void Ray x2  
  163  11:57  Void Ray  
  163  12:00  Void Ray  
  171  12:09  Phoenix  
  173  12:16  Probe  
  174  12:26  Probe x3  
  174  12:28  Probe  
Show
View Real Time Build Order
Export as new Build Order

Xeno Zerg 

Build Orders: Hatch First, Swarm Host 

Get SALT Encoding   

  12  0:01  Drone  
  13  0:14  Overlord  
  13  0:18  Drone  
  14  0:33  Drone x2  
  16  0:38  Drone  
  17  0:58  Drone  
  17  0:59  Hatchery  
  17  1:00  Drone  
  18  1:13  Extractor  
  18  1:16  Spawning Pool  
  16  1:19  Drone  
  16  1:22  Drone  
  18  1:29  Drone  
  19  2:04  Drone x3  
  24  2:22  Queen  
  24  2:24  Zergling x4  
  28  2:32  Lair  
  28  2:34  Extractor  
  25  2:37  Drone x2  
  25  2:38  Drone  
  28  2:57  Overlord x2  
  28  3:11  Extractor  
  27  3:13  Drone  
  27  3:15  Queen  
  27  3:17  Drone  
  27  3:18  Overlord  
  27  3:19  Drone x3  
  34  3:44  Infestation Pit  
  34  3:46  Nydus Network  
  34  3:47  Drone x6  
  38  4:06  Drone x4  
  42  4:15  Overlord  
  42  4:22  Swarm Host x3  
  51  4:24  Overlord x2  
  51  4:31  Spine Crawler  
  51  4:32  Metabolic Boost  
  51  4:34  Zergling x2  
  49  4:49  Zergling x2  
  49  4:50  Zergling x8  
  47  4:56  Zergling x4  
  39  5:02  Nydus Canal  
  39  5:05  Zergling x4  
  34  5:32  Drone x5  
  38  5:39  Swarm Host  
  38  5:40  Swarm Host  
  44  5:49  Baneling Nest  
  43  6:07  Zergling x2  
  43  6:08  Zergling x8  
  48  6:11  Swarm Host  
  51  6:30  Swarm Host x4  
  57  6:54  Baneling Nest  
  57  6:55  Drone  
  57  6:56  Drone x3  
  60  7:12  Baneling x2  
  60  7:15  Drone x4  
  64  7:28  Drone  
  64  7:29  Drone  
  66  7:40  Extractor, Baneling  
  66  7:41  Baneling x11  
  66  7:43  Centrifical Hooks  
  65  8:25  Hatchery  
  64  8:28  Overseer  
  64  8:38  Queen  
  64  8:39  Queen  
  64  8:40  Spine Crawler  
  67  8:52  Drone  
  68  9:09  Nydus Canal  
  68  9:17  Evolution Chamber  
  68  9:19  Drone x3, Evolution Chamber, Hydralisk Den  
  64  9:46  Zergling x14  
  64  9:51  Spore Crawler  
  69  9:52  Spore Crawler  
  69  9:54  Spore Crawler x2  
  66  10:00  Spore Crawler  
  66  10:01  Drone x5  
  66  10:02  Drone x3  
  73  10:18  Spore Crawler x2  
  73  10:19  Drone x3  
  74  10:26  Baneling x14  
  74  10:35  Extractor  
  74  10:36  Extractor  
  72  10:44  Nydus Canal  
  70  11:07  Nydus Canal  
  70  11:39  Drone, Hive  
  71  11:40  Drone x2  
  73  12:16  Nydus Canal  
  73  12:24  Spore Crawler  
  73  12:25  Drone, Overlord  
  73  12:26  Overlord x5  
  73  12:27  Spore Crawler  
  68  12:50  Zergling x2  
  68  12:51  Zergling x14  
Tags
 
Add a new tag
Caveats
  • Supply blocks, unpowered buildings, or Contaminate may cause inaccurate times.
  • Supply counts are checked every 10 seconds.